 Dungeon Crawl Stone Soup version 0.28-a0-535-g6f645e4c1d (webtiles) character file.

Game seed: 6800274287360195082

4 omnomnOMINOUS the Ducker (level 1, 0/11 HPs)
             Began as an Octopode Wanderer on Sept 26, 2021.
             Was a Follower of Ru.
             Slain by a gnoll (4 damage)
             ... on level 1 of the Dungeon.
             The game lasted 00:02:08 (452 turns).

omnomnOMINOUS the Ducker (Octopode Wanderer)         Turns: 452, Time: 00:02:08

Health: 0/11       AC:  1    Str: 12    XL:     1   Next: 60%
Magic:  1/2        EV: 13    Int: 13    God:    Ru [*.....]
Gold:   4          SH:  0    Dex: 11    Spells: 1/2 levels left

rFire   . . .      SeeInvis .   a - +0 spear
rCold   . . .      Faith    .   (no shield)
rNeg    . . .      Spirit   .   (helmet restricted)
rPois   .          Reflect  .   (no amulet)
rElec   .          Harm     .   (no ring)
rCorr   .          Rampage  .   (no ring)
Will    .....                   (no ring)
Stlth   +++.......              (no ring)
HPRegen 0.03/turn               (no ring)
MPRegen 0.08/turn               (no ring)
                                (no ring)
                                (no ring)

@: no status effects
A: almost no armour, amphibious, 8 rings, camouflage 1, gelatinous body 1,
missing an eye, (nimble swimmer 1), tentacles
a: Renounce Religion


You were on level 1 of the Dungeon.
You worshipped Ru.
Ru was aware of your devotion.
You visited 1 branch of the dungeon, and saw 1 of its levels.

You collected 4 gold pieces.

Inventory:

Hand Weapons
 a - a +0 spear (weapon)
Armour
 c - a +0 kite shield
Scrolls
 b - 2 scrolls of teleportation
Potions
 e - a potion of flight {unknown}


   Skills:
 + Level 0.3 Fighting
 - Level 2.0 Short Blades
 + Level 2.1 Dodging
 - Level 1.3 Stealth
 - Level 1.0 Shields
 + Level 1.1 Spellcasting
 - Level 2.0 Fire Magic
 + Level 0.3 Earth Magic
 - Level 1.1 Evocations


You had one spell level left.
You knew the following spells:

 Your Spells              Type           Power      Damage    Failure   Level
a - Sandblast             Erth           2%         2d4       24%         1

Your spell library contained the following spells:

 Spells                   Type           Power      Damage    Failure   Level
 Stone Arrow              Conj/Erth      2%         3d7       61%         3


Dungeon Overview and Level Annotations

Branches:
Dungeon (1/15)

Altars:
Ru


Innate Abilities, Weirdness & Mutations

You cannot wear most types of armour.
You are amphibious.
You can wear up to eight rings at the same time.
Your skin changes colour to match your surroundings (Stealth+).
Your rubbery body absorbs attacks. (AC +1, EV +1)
You are missing an eye, making it more difficult to aim.
((You are camouflaged near water. (Stealth+)))
You have tentacles for arms and can constrict up to eight enemies at once.


Message History

Confirm with . or Enter, or press ? or * to list all spells.
Aiming: Sandblast (safe; 24% risk of failure)
Press: ? - help, Shift-Dir - straight line, f - gnoll
Aim: a gnoll, wielding a +0 club (69% to hit)
The blast of sand hits the gnoll.
The gnoll is moderately wounded.
Casting: Sandblast (safe; 24% risk of failure)
Confirm with . or Enter, or press ? or * to list all spells.
You don't have enough magic to cast this spell.
Unknown command.
Unknown command.
You see here a +0 club.
The gnoll hits you with a +0 club.
Your magical contamination has completely faded away.
You reach to attack!
You hit the gnoll.
The gnoll is moderately wounded.
Casting: Sandblast (safe; 24% risk of failure)
Confirm with . or Enter, or press ? or * to list all spells.
Aiming: Sandblast (safe; 24% risk of failure)
Press: ? - help, Shift-Dir - straight line, f/p - gnoll
Aim: a gnoll, wielding a +0 club (moderately wounded, 69% to hit)
The blast of sand hits the gnoll.
The gnoll is heavily wounded.
You now have no stones remaining.
The gnoll hits you with a +0 club.
Unknown command.
A hobgoblin comes into view.
You see here a +0 club.
Casting: Sandblast (safe; 24% risk of failure)
Confirm with . or Enter, or press ? or * to list all spells.
You don't have any stones to cast with.
Casting: Sandblast (safe; 24% risk of failure)
Confirm with . or Enter, or press ? or * to list all spells.
You don't have any stones to cast with.
You hit the gnoll. Your grab misses the gnoll.
The gnoll is severely wounded.
The gnoll hits you with a +0 club.
You completely miss the gnoll. Your grab misses the gnoll.
The gnoll is severely wounded.
The gnoll hits you with a +0 club.
You die...

### .... ########
.....###......#
....#......?.#
.>...g.[).g.#
##.####....###@#
...........# #.#
###.####....# #.#
.........##.# #.#
###.####.##g###.#
#.#......#
##.####.#..#####
...........#
##.####....#


You could see a gnoll and a hobgoblin (wandering).

Vanquished Creatures
  A goblin (D:1)
  A quokka (D:1)
  A kobold (D:1)
  A rat (D:1)
4 creatures vanquished.

Notes
Turn   | Place    | Note
-------+----------+-------------------------------------------
     0 | D:1      | omnomnOMINOUS the Octopode Wanderer began the quest for the
                  | Orb.
     0 | D:1      | omnomnOMINOUS set off with the following items: a +0 club,
                  | a scroll of teleportation, a +0 kite shield; and the
                  | following spell memorised: Sandblast; and the following
                  | spells available to memorise: Stone Arrow
     0 | D:1      | Reached XP level 1. HP: 11/11 MP: 2/2
   239 | D:1      | Found a faded altar of an unknown god.
   261 | D:1      | Became a worshipper of Ru the Awakened
   264 | D:1      | Gained mutation: You are missing an eye, making it more
                  | difficult to aim. [Ru sacrifice]
   264 | D:1      | Reached * piety under Ru
   452 | D:1      | Slain by a gnoll

Illustrated notes

Levels and vault maps discovered:
D:1:      nzn_arrival_settlement, layout_basic, serial_shops,
          nicolae_lakefront_shop, shop_statue, shop_statue, shop, shop,
          ebering_ecumenical_altar_box

Action                   || total
-------------------------++-------
Melee: Spear             ||    14
       Constrict         ||     2
 Cast: Sandblast         ||     2
Invok: Sacrifice an Eye  ||     1
 Stab: Sleeping          ||     2
Dodge: Dodged            ||     4

Table legend: (Time is in decaauts)
 A = Elapsed time spent in this place.
 B = Non-inter-level travel time spent in this place.
 C = Inter-level travel time spent in this place.
 D = Time resting spent in this place.
 E = Time spent auto-exploring this place.
 F = Levels seen in this place.
 G = Mean time per level.
                   A        B        C        D        E       F      G
               +--------+--------+--------+--------+--------+-----+--------+
         Total |    452 |    452 |      0 |      0 |    350 |   1 |  452.0 |
       Dungeon |    452 |    452 |      0 |      0 |    350 |   1 |  452.0 |
               +--------+--------+--------+--------+--------+-----+--------+

Top non-repeatable levels by time:
     D:1: 452 daAuts
